 Dungeon Crawl Stone Soup version 0.22-a0-77-g0fd0111 (webtiles) character file.

1095 shenanigans the Skirmisher (level 8, -16/61 HPs)
             Began as a Barachi Skald on Jan 15, 2018.
             Was a Follower of Okawaru.
             Demolished by an orc warrior
             ... wielding a cursed -2 great sword
              (19 damage)
             ... on level 4 of the Dungeon.
             The game lasted 00:18:16 (8056 turns).

shenanigans the Skirmisher (Barachi Skald)          Turns: 8056, Time: 00:18:17

Health: -16/61     AC: 11    Str: 12    XL:     8   Next: 31%
Magic:  12/13      EV:  8    Int: 16    God:    Okawaru [*.....]
Gold:   206        SH: 11    Dex: 12    Spells: 13/14 levels left

rFire    . . .     SeeInvis .   a - +1 war axe (chop)
rCold    . . .     Gourm    .   o - +0 shield
rNeg     . . .     Faith    .   k - +0 chain mail
rPois    .         Spirit   .   (no helmet)
rElec    .         Reflect  .   (no cloak)
rCorr    +         Harm     .   (no gloves)
MR       .....                  (no boots)
Stlth    ..........             (no amulet)
HPRegen  0.20/turn              l - ring of resist corrosion
MPRegen  0.13/turn              (no ring)

@: heroism, very slightly contaminated, invisible, slow
A: +LOS, swims, slowness 1, strong legs 1
a: Hop, Heroism, Renounce Religion


You were on level 4 of the Dungeon.
You worshipped Okawaru.
Okawaru was aware of your devotion.
You were hungry.

You visited 1 branch of the dungeon, and saw 5 of its levels.

You collected 206 gold pieces.

Inventory:

Hand Weapons
 a - a +1 war axe of chopping (weapon)
Missiles
 y - 5 tomahawks (quivered)
Armour
 j - a +0 buckler of cold resistance
 k - a +0 chain mail (worn)
 o - a +0 shield (worn)
Jewellery
 l - a ring of resist corrosion (left hand)
Wands
 b - a wand of random effects (19)
 f - a wand of paralysis (12)
Scrolls
 e - 3 scrolls of immolation
 h - a scroll of identify
 m - a scroll of remove curse
 n - a scroll of blinking
 q - 2 scrolls of magic mapping {unknown}
 t - a scroll of fear
 v - 2 scrolls of enchant weapon
Potions
 g - 3 potions of brilliance
 r - a potion of haste
 s - a potion of magic
Books
 c - a book of Battle

   Spells                             Type                      Level
   a - Infusion                       Charms                       1
   b - Shroud of Golubria             Charms/Translocation         2
   c - Song of Slaying                Charms                       2
   d - Spectral Weapon                Hexes/Charms                 3
   e - Regeneration                   Charms/Necromancy            3
Comestibles
 d - 7 rations
 p - a chunk of flesh


   Skills:
 + Level 4.9(9.9) Fighting
 + Level 4.2(9.2) Axes
 + Level 4.4(9.4) Armour
 + Level 4.3(9.3) Dodging
 * Level 4.9(9.9) Shields
 + Level 3.9 Spellcasting
 - Level 3.2 Charms
 * Level 1.9 Invocations


You had 13 spell levels left.
You knew the following spells:

 Your Spells              Type           Power        Failure   Level  Hunger
a - Infusion              Chrm           ##..         88%         1    None


Dungeon Overview and Level Annotations

Branches:
Dungeon (5/15)
 Temple: D:4-7

Altars:
Cheibriados
Dithmenos
Elyvilon
Fedhas
Gozag
Makhleb
Okawaru
Sif Muna
Trog
Yredelemnul
Zin

Annotations:
D:5 Maimakterion's ghost, novice DrFE


Innate Abilities, Weirdness & Mutations

Shadows flee at your approach. (+LOS)
You can swim through water.
You cover ground slowly.
You can hop short distances.


Message History

You hit the orc warrior but do no damage.
The orc warrior is heavily wounded.
The orc warrior hits you with an enchanted great sword!!
* * * LOW HITPOINT WARNING * * *
You hit the orc warrior but do no damage.
The orc warrior is heavily wounded.
You block the orc warrior's attack.
Your shield and chain mail prevent you from hitting the orc warrior.
The orc warrior is heavily wounded.
You hit the orc warrior but do no damage.
The orc warrior is heavily wounded.
The orc warrior hits you with an enchanted great sword.
* * * LOW HITPOINT WARNING * * *
You fade into invisibility!
The orc warrior completely misses you.
You are very lightly contaminated with residual magic.
You slash the orc warrior!
The orc warrior is almost dead.
The orc warrior hits you with an enchanted great sword!!
You die...

.###.# #.......#
#.# .# #.#
#.####### #.#
.###.# #.# #.#
.....# #.# #.#
##.### #.# #####
#.# #...# #.#
#...##########.#
###.# #.#
#..............#
#.# #.#
#[o.############
#.# #.# ##@## #.#
#.# #.# #.# #.#
#.# #.# #.# #.# #
#.# #.#### #<# #
#.# #.(..####.# #
#.# #.........#
####.###.##.######
.........##.#


You could see an orc warrior.

Vanquished Creatures
  Grinder (D:5)
  Sigmund (D:4)
  The ghost of dracfodder the Slinger, an amateur HaHu (D:3)
  An ogre (D:4)
  2 gnoll sergeants (D:4)
  2 scorpions
  2 orc wizards
  3 worker ants
  A gnoll (D:5)
  6 adders
  A shadow imp (D:5)
  2 oozes
  An adder skeleton (D:4)
  A worm (D:2)
  A dart slug (D:1)
  4 leopard geckos
  12 orcs
  2 ball pythons
  6 giant cockroaches
  10 goblins
  13 hobgoblins
  2 jackals (D:3)
  3 quokkas
  8 bats
  3 frilled lizards (D:2)
  A giant cockroach zombie (D:5)
  15 kobolds
  5 rats
110 creatures vanquished.

Notes
Turn   | Place    | Note
-------+----------+-------------------------------------------
     0 | D:1      | shenanigans the Barachi Skald began the quest for the Orb.
     0 | D:1      | Reached XP level 1. HP: 17/17 MP: 3/3
     0 | D:1      | Noticed a large abomination
     0 | D:1      | Noticed an orb of fire
     0 | D:1      | Noticed a white draconian
     2 | D:1      | Noticed a large abomination
     5 | D:1      | Noticed a large abomination
     7 | D:1      | Noticed a shadow dragon
     9 | D:1      | Noticed an ice dragon
    13 | D:1      | Noticed a shadow dragon
    14 | D:1      | Noticed a purple draconian
    15 | D:1      | Noticed a shadow dragon
    17 | D:1      | Noticed a red draconian
    17 | D:1      | Noticed a shadow dragon
    17 | D:1      | Noticed an orb of fire
    19 | D:1      | Noticed a green draconian
    19 | D:1      | Noticed an ice dragon
    20 | D:1      | Noticed an iron dragon
   460 | D:1      | Reached XP level 2. HP: 21/23 MP: 5/5
   703 | D:1      | Reached XP level 3. HP: 25/28 MP: 6/6
  1061 | D:2      | Reached skill level 1 in Shields
  1532 | D:2      | Reached XP level 4. HP: 32/35 MP: 7/7
  1885 | D:3      | HP: 1/52 [orc wizard/magic dart (3)]
  1890 | D:3      | Reached XP level 5. HP: 2/41 MP: 8/8
  1988 | D:3      | Noticed dracfodder's ghost (amateur HaHu)
  2392 | D:3      | Found a blossoming altar of Fedhas.
  2478 | D:3      | Found a glowing silver altar of Zin.
  2760 | D:3      | Found a shadowy altar of Dithmenos.
  2891 | D:3      | Killed dracfodder's ghost
  2891 | D:3      | Reached XP level 6. HP: 34/48 MP: 10/10
  3196 | D:4      | Noticed Sigmund
  3538 | D:4      | Killed Sigmund
  3559 | D:4      | Reached XP level 7. HP: 54/54 MP: 11/11
  4836 | D:4      | Found a deep blue altar of Sif Muna.
  4838 | D:4      | Found an iron altar of Okawaru.
  4850 | D:4      | Became a worshipper of Warmaster Okawaru
  5038 | D:5      | Entered Level 5 of the Dungeon
  5038 | D:5      | Found a white marble altar of Elyvilon.
  5038 | D:5      | Found an opulent altar of Gozag.
  5038 | D:5      | Found a snail-covered altar of Cheibriados.
  5040 | D:5      | Found a burning altar of Makhleb.
  5040 | D:5      | Found a basalt altar of Yredelemnul.
  5045 | D:5      | Found a bloodstained altar of Trog.
  5478 | D:4      | Reached skill level 1 in Invocations
  6023 | D:5      | Noticed Grinder
  6023 | D:5      | Paralysed by Grinder for 2 turns
  6042 | D:5      | Paralysed by Grinder for 5 turns
  6056 | D:5      | Killed Grinder
  6056 | D:5      | Reached * piety under Okawaru
  6056 | D:5      | Reached XP level 8. HP: 37/61 MP: 13/13
  6466 | D:5      | Noticed Maimakterion's ghost (novice DrFE)
  8054 | D:4      | HP: 2/61 [orc warrior/enchanted great sword (5)]
  8056 | D:4      | Demolished by an orc warrior

Vault maps used:
D:1:      shiori_arrival_whats_in_store_for_you, minmay_statues_item
D:3:      grunt_dithmenos_smoke_and_mirrors, fedhas_altar_1, zin_scriptorium
D:4:      minitemple, uniq_sigmund
D:5:      corexii_shantytown, grunt_temple_overflow_open, temple_statues,
          first_ration, sword_in_stone, uniq_grinder, uniq_edmund

Skill      XL: |  1  2  3  4  5  6  7 |
---------------+----------------------+-----
Armour         | 2 3 4 |  4.4
Fighting       | 3 4 |  4.9
Shields        | 1 2 3 4 |  4.9
Axes           | 3 4 |  4.2
Dodging        | 3 4 |  4.3
Spellcasting   | 3 |  3.9
Invocations    | 1 |  1.9
Charms         | |  3.2

Action                   |  1- 3 |  4- 6 |  7- 9 || total
-------------------------+-------+-------+-------++-------
Melee: Hand axe          |   176 |   143 |       ||   319
       War axe           |       |    22 |   210 ||   232
Throw: Tomahawk          |       |       |    14 ||    14
Invok: Heroism           |       |       |     1 ||     1
 Abil: Hop               |       |     3 |     2 ||     5
  Use: Potion            |       |     5 |     3 ||     8
       Scroll            |       |     4 |     3 ||     7
 Stab: Invisible         |       |       |     3 ||     3
  Eat: Chunk             |     1 |     4 |     6 ||    11
       Ration            |       |     1 |     3 ||     4
Armor: Leather armour    |    14 |       |       ||    14
       Ring mail         |    10 |       |       ||    10
       Chain mail        |    92 |   131 |    81 ||   304
       Skin              |       |    10 |       ||    10
Dodge: Dodged            |    92 |    50 |    48 ||   190
Block: Buckler           |    18 |    37 |    16 ||    71
       Shield            |       |       |    72 ||    72

Table legend:
 A = Spawn XP
 B = Non-spawn XP
 C = Spawn XP percentage of total XP
 D = Spawn monster count
 E = Non-spawn monster count
 F = Spawn count percentage of total count
 G = Total turns spent on level
                    A         B        C        D         E        F      G
               +---------+---------+-------+---------+---------+-------+---------
         Total |       0 |    1565 |   0.0 |       0 |     110 |   0.0 |  8056
               +---------+---------+-------+---------+---------+-------+---------
           D:1 |       0 |      44 |   0.0 |       0 |      22 |   0.0 |   939
           D:2 |       0 |      60 |   0.0 |       0 |      20 |   0.0 |  1114
           D:3 |       0 |     275 |   0.0 |       0 |      26 |   0.0 |  1457
           D:4 |       0 |     723 |   0.0 |       0 |      20 |   0.0 |  3428
           D:5 |       0 |     463 |   0.0 |       0 |      22 |   0.0 |  1118
               +---------+---------+-------+---------+---------+-------+---------
